 Dungeon Crawl Stone Soup version 0.32-a0-909-gc671339a80 (webtiles) character file.

Game seed: 2679640002590913788

261550 Berder the Stormcaller (level 19, 0/128 HPs)
             Began as an Octopode Alchemist on Mar 23, 2024.
             Was the Champion of Vehumet.
             Slain by a +4 glaive of flaming (17 damage)
             ... on level 2 of the Elven Halls on Apr 7, 2024.
             The game lasted 03:23:41 (56932 turns).

Berder the Stormcaller (Octopode Alchemist)        Turns: 56932, Time: 03:23:41

Health: 0/128      AC:  5    Str: 11    XL:     19   Next: 96%
Magic:  18/47      EV: 21    Int: 27    God:    Vehumet [******]
Gold:   567        SH: 12    Dex: 13    Spells: 2/49 levels left

rFire   . . .        a - staff of air
rCold   + + .        D - +0 kite shield {rC+}
rNeg    . . .        B - +2 hood of the Assassin {Detect Stab+ Stlth++}
rPois   +            E - amulet of magic regeneration
rElec   +            h - ring of protection from fire
rCorr   .            l - ring of willpower
SInv    +            f - ring of poison resistance
Will    +++..        e - ring of Yduugi {Str+4 Int+2 SInv}
Stlth   ++++++       Q - ring "Sifran" {Ice rElec Will+ Stlth+}
HPRegen 0.41/turn    V - ring of wizardry
MPRegen 0.70/turn    q - ring of magical power
                     Z - +5 ring of evasion

%: wizardry (x1)
@: no status effects
A: almost no armour, amphibious, 8 rings, camouflage 1, gelatinous body 1,
(nimble swimmer 1), tentacles, tentacle spike 1, iridescent scales 1
}: 2/15 runes: serpentine, barnacled
a: Renounce Religion


You were on level 2 of the Elven Halls.
You worshipped Vehumet.
Vehumet was exalted by your worship.
You visited 7 branches of the dungeon, and saw 33 of its levels.
You visited 1 bazaar.
You also visited: Ice Cave and Volcano.

You collected 3445 gold pieces.
You spent 2878 gold pieces at shops.

Inventory:

Missiles
 I - a curare-tipped dart (quivered)
Armour
 v - the +0 mask of the Dragon {Will+ Slay+3 SInv}
   (You found it on level 3 of the Snake Pit)

   Slay+3:    It affects your accuracy & damage with ranged weapons and melee
   (+3).
   Will+:     It increases your willpower.
   SInv:      It lets you see invisible.
 B - the +2 hood of the Assassin (worn) {Detect Stab+ Stlth++}
   (You bought it in a shop on level 6 of the Dungeon)

   Detect:    It allows the wearer to sense nearby creatures.
   Stab+:     It allows the wearer to make particularly effective stabbing
   attacks against helpless or unaware enemies with any weapon.
   Stlth++:   It makes you much more stealthy.
 D - a +0 kite shield of cold resistance (worn)
Magical Staves
 a - a staff of air (weapon)
 N - a staff of cold
Jewellery
 e - the ring of Yduugi (on tentacle) {Str+4 Int+2 SInv}
   (You bought it in a shop on level 2 of the Orcish Mines)

   [ring of see invisible]

   Str+4:     It affects your strength (+4).
   Int+2:     It affects your intelligence (+2).
   SInv:      It lets you see invisible.
 f - a ring of poison resistance (on tentacle)
 h - a ring of protection from fire (left tentacle)
 l - a ring of willpower (right tentacle)
 q - a ring of magical power (on tentacle)
 r - the ring "Naur Ser" {+Blink rN+ Dex-3 Slay+3}
   (You found it in an ice cave)

   [ring of positive energy]

   Dex-3:     It affects your dexterity (-3).
   Slay+3:    It affects your accuracy & damage with ranged weapons and melee
   (+3).
   rN+:       It protects you from negative energy.
   +Blink:    It lets you blink.
 x - a ring of resist corrosion
 E - an amulet of magic regeneration (around mantle)
 Q - the ring "Sifran" (on tentacle) {Ice rElec Will+ Stlth+}
   (You bought it in a shop on level 1 of the Shoals)

   [ring of ice]

   Ice:       It enhances your ice magic.
   rF-:       It makes you vulnerable to fire.
   rC+:       It protects you from cold.
   rElec:     It insulates you from electricity.
   Will+:     It increases your willpower.
   Stlth+:    It makes you more stealthy.
 V - a ring of wizardry (on tentacle)
 Y - a ring of positive energy
 Z - a +5 ring of evasion (on tentacle)
Wands
 k - a wand of quicksilver (24)
 y - a wand of flame (36)
 G - a wand of iceblast (17)
 K - a wand of mindburst (21)
 R - a wand of digging (4)
Scrolls
 d - 9 scrolls of poison
 g - 6 scrolls of enchant armour
 i - 3 scrolls of amnesia
 j - 2 scrolls of immolation
 t - 3 scrolls of revelation
 C - a scroll of silence
 F - 9 scrolls of teleportation
 H - 4 scrolls of fog
 O - a scroll of summoning
 T - 6 scrolls of identify
 U - 2 scrolls of fear
Potions
 c - 7 potions of might
 m - 2 potions of invisibility
 n - a potion of cancellation
 o - 4 potions of brilliance
 s - 6 potions of mutation
 u - a potion of haste
 w - a potion of magic
 z - 9 potions of curing
 A - 4 potions of enlightenment
 J - 3 potions of resistance
 M - 7 potions of heal wounds
 W - a potion of ambrosia
Miscellaneous
 b - a lightning rod (3/4)
 p - a condenser vane
 P - a phial of floods
 X - a box of beasts


   Skills:
 - Level 11.1 Fighting
 - Level 11.8 Dodging
 - Level 2.6 Stealth
 - Level 12.0 Shields
 - Level 15.7 Spellcasting
 + Level 16.3 Conjurations
 - Level 5.2 Translocations
 - Level 6.2 Ice Magic
 + Level 17.2 Air Magic
 - Level 5.3 Alchemy


You had 2 spell levels left.
You knew the following spells:

 Your Spells              Type           Power      Damage    Failure   Level
a - Shock                 Conj/Air       100%       1d9       0%          1
b - Iskenderun's Battles  Conj           83%        2d13      1%          5
c - Freezing Cloud        Conj/Ice/Air   59%        6-21      1%          5
d - Iskenderun's Mystic   Conj/Tloc      68%        2d14      (+2d71%     4
e - Sting                 Conj/Alch      100%       1d9       1%          1
f - Mephitic Cloud        Conj/Alch/Air  95%        N/A       1%          3
g - Blink                 Tloc           98%        N/A       1%          2
h - Arcjolt               Conj/Air       53%        1d63      1%          5
i - Airstrike             Air            53%        2d(8-24)  1%          4
j - Maxwell's Capacitive  Air            53%        ∞         3%          8
k - Chain Lightning       Conj/Air       53%        3d70      45%         9

Your spell library contained the following spells:

 Spells                   Type           Power      Damage    Failure   Level
 Lehudib's Crystal Spear  Conj/Erth      30%        10d8      69%         8
 Ignition                 Fire           10%        3d5       99%         8
 Magic Dart               Conj           100%       1d8       0%          1
 Apportation              Tloc           98%        N/A       1%          1
 Mercury Vapours          Alch/Air       100%       N/A       1%          2
 Scorch                   Fire           42%        2d6       1%          2
 Necrotise                Necr           84%        1d8       2%          1
 Slow                     Hex            84%        N/A       2%          1
 Summon Small Mammal      Summ           84%        N/A       2%          1
 Call Imp                 Summ           42%        N/A       3%          2
 Summon Ice Beast         Ice/Summ       54%        N/A       1%          3
 Volatile Blastmotes      Fire/Tloc      70%        2d15      1%          3
 Flame Wave               Conj/Fire      60%        2d14      1%          4
 Fulminant Prism          Conj/Alch      34%        3d15      1%          4
 Olgreb's Toxic Radiance  Alch           50%        N/A       1%          4
 Vhi's Electric Charge    Tloc/Air       100%       N/A       1%          4
 Sticky Flame             Fire/Alch      35%        2d7       2%          4
 Bombard                  Conj/Erth      30%        9d5       3%          6
 Call Canine Familiar     Summ           21%        N/A       7%          3
 Confusing Touch          Hex            21%        N/A       7%          3
 Sigil of Binding         Hex            21%        N/A       7%          3
 Tukima's Dance           Hex            21%        N/A       7%          3
 Vampiric Draining        Necr           21%        2d7       7%          3
 Dimensional Bullseye     Hex/Tloc       17%        N/A       9%          4
 Eringya's Noxious Bog    Alch           25%        4d6       10%         6
 Spellforged Servitor     Conj/Summ      30%        N/A       16%         7
 Anguish                  Hex/Necr       10%        N/A       22%         4
 Animate Dead             Necr           21%        N/A       22%         4
 Cause Fear               Hex            10%        N/A       22%         4
 Martyr's Knell           Necr/Summ      21%        N/A       22%         4
 Summon Forest            Summ/Tloc      17%        N/A       22%         5
 Sculpt Simulacrum        Ice/Alch       34%        N/A       32%         6
 Ozocubu's Refrigeration  Ice            35%        4d15      32%         7
 Dispersal                Tloc           24%        N/A       38%         6
 Borgnjor's Vile Clutch   Necr/Erth      10%        N/A       52%         5
 Curse of Agony           Necr           21%        N/A       52%         5
 Summon Mana Viper        Hex/Summ       21%        N/A       52%         5
 Manifold Assault         Tloc           24%        N/A       89%         7
 Death Channel            Necr           10%        N/A       96%         6
 Summon Cactus Giant      Summ           10%        N/A       96%         6
 Polar Vortex             Ice            35%        12d4*     99%         9
 Enfeeble                 Hex            10%        N/A       100%        7
 Haunt                    Necr/Summ      10%        N/A       100%        7
 Monstrous Menagerie      Summ           10%        N/A       100%        7
 Summon Hydra             Summ           10%        N/A       100%        7
 Borgnjor's Revivificati  Necr           10%        N/A       100%        8
 Disjunction              Tloc           24%        N/A       100%        8
 Death's Door             Necr           10%        N/A       100%        9


Dungeon Overview and Level Annotations

Branches:
Dungeon (15/15)            Temple (1/1) D:4            Lair (5/5) D:10
 Shoals (4/4) Lair:3        Snake (4/4) Lair:2        Slime (0/5) Lair:4
    Orc (2/2) D:12            Elf (2/3) Orc:2        Vaults (0/5) D:14
 Depths (0/4) D:15          IceCv (visited)         Volcano (visited)

Altars:
Ashenzari
Cheibriados
Dithmenos
Elyvilon
Fedhas
Gozag
Hepliaklqana
Kikubaaqudgha
Makhleb
Nemelex Xobeh
Okawaru
Qazlal
Ru
Sif Muna
Trog
Uskayaw
Vehumet
Wu Jian
Xom
Yredelemnul
Zin
The Shining One
Beogh

Shops:
D:6 [*   D:12 :!?   D:13 ([*   Orc:2 =(*[   Shoals:1 =   Shoals:3 *
Snake:1 **

Annotations:
D:4 Pikel
D:5 exclusion: ice beast
D:7 exclusion: ice beast
D:10 Josephine
Lair:5 Hanaexe's ghost, journeyman DgDe
Snake:2 Vashnia


Innate Abilities, Weirdness & Mutations

You cannot wear most types of armour.
You are amphibious.
You can wear up to eight rings at the same time.
Your skin changes colour to match your surroundings (Stealth+).
Your rubbery body absorbs attacks. (AC +1, EV +1)
((You are camouflaged when in or above water. (Stealth+)))
You have tentacles for arms and can constrict up to eight enemies at once.
One of your tentacles bears a spike.
You are partially covered in iridescent scales. (AC +2)


Message History

The +2 heavy trident is severely damaged.
The +2 heavy trident hits you from afar!!
Casting: Iskenderun's Mystic Blast (safe; 1% risk of failure)
Confirm with . or Enter, or press ? or * to list all spells.
You erupt in a blast of force!
The mystic blast hits the +4 glaive of flaming but does no damage.
The +4 glaive of flaming is moderately damaged.
The mystic blast hits the +2 heavy trident!
The +2 heavy trident falls from the air.
Vehumet accepts your kill.
Casting: Iskenderun's Mystic Blast (safe; 1% risk of failure)
Confirm with . or Enter, or press ? or * to list all spells.
You erupt in a blast of force!
The mystic blast hits the +1 scimitar of holy wrath!
The +1 scimitar of holy wrath is severely damaged.
The +1 scimitar of holy wrath is knocked back by the mystic blast.
The mystic blast hits the +4 glaive of flaming.
The +4 glaive of flaming is moderately damaged.
The +4 glaive of flaming is knocked back by the mystic blast.
The +4 glaive of flaming slams into the stone wall!
The +4 glaive of flaming is severely damaged.
The +4 glaive of flaming hits you from afar!!!
* * * LOW HITPOINT WARNING * * *
The +4 glaive of flaming burns you!
* * * LOW HITPOINT WARNING * * *
Okay, then.
Unknown command.
Okay, then.
Okay, then.
Unknown command.
Casting: Iskenderun's Mystic Blast (safe; 1% risk of failure)
Confirm with . or Enter, or press ? or * to list all spells.
You erupt in a blast of force!
The mystic blast hits the +1 scimitar of holy wrath.
The +1 scimitar of holy wrath is severely damaged.
The +1 scimitar of holy wrath is knocked back by the mystic blast.
The mystic blast hits the +4 glaive of flaming but does no damage.
The +4 glaive of flaming is heavily damaged.
The +4 glaive of flaming hits you from afar!
You die...

*,,,,,,.#..,*#.......).....#
,*,,,,,#....*#....).)......####
,,*,,,*.....##...)..)..)......#
,,,***,....(.'#.....)..)..#.#.#
,,,* *,.....)'.#....ß....#....#
,,,***,...(..)#...).......#..##
,,*,,,*.....##..(............#
,*,,,,,#....##....).........##
*,,,,,,.#..{##..@.)...)...).#
,,,,,,,..#..###..)..#.....#.#
,,,,,,,.,,*.####...#.#...##.###
,,,,,,,,,,,####.>...###.......#
,,,,,,,,,,,####....<###.#####.#
,,,,,,,,,,*.##.............##.#
,,,,,,,,,*,e###.....##..##.##.#
*,,,,,,,*,,.##................#
,*,,,,,*,,,.####.#.#######.####


You could see 2 dancing weapons.

Vanquished Creatures
  Rupert (D:13)
  Jorgrun (Shoals:3)
  Asterion (Snake:2)
  A kraken (Shoals:4)
  Polyphemus (Shoals:4)
  Kirke (D:12)
  Agnes (Snake:4)
  An azure jelly (Lair:5)
  Aizul (Snake:1)
  13 nagarajas
  Donald (Elf:1)
  2 deep elf sorcerers
  2 deep elf elementalists (Elf:1)
  2 orc warlords (Orc:2)
  Azrael (D:15)
  A deep elf annihilator (Elf:2)
  6 merfolk javelineers
  A deep elf high priest (Elf:1)
  7 merfolk impalers
  Fannar (Lair:1)
  4 vault guards (D:14)
  A rakshasa (D:12)
  2 salamander tyrants (Snake:4)
  An ogre mage (D:15)
  3 catoblepae
  5 hydras
  A merfolk avatar (Shoals:3)
  9 anacondas
  2 boulder beetles
  2 merfolk aquamancers (Shoals:4)
  An alligator snapping turtle (Shoals:3)
  16 dancing weapons
  7 centaur warriors
  A tengu warrior (D:15)
  A two-headed ogre (D:15)
  4 orc high priests
  3 satyrs
  A sphinx skeleton (D:15)
  11 death yaks
  3 shock serpents
  12 naga sharpshooters
  14 naga warriors
  13 deep elf knights
  5 salamander mystics
  4 skysharks
  A sea snake (shapeshifter) (Elf:2)
  10 sea snakes
  7 mana vipers
  3 skeletal warriors (D:15)
  A flayed ghost (D:15)
  7 deep elf archers
  An orange crystal statue (D:11)
  7 naga ritualists
  An arcanist (Volcano)
  10 harpies
  An obsidian bat (Orc:1)
  2 necromancers
  8 orc knights
  15 deep elf pyromancers
  19 manticores
  9 deep elf zephyrmancers
  4 orc sorcerers
  16 cyclopes
  15 salamanders
  11 ugly things
  13 fauns
  2 guardian serpents (shapeshifter)
  13 elephants
  34 black mambas
  12 naga magi
  3 kobold blastminers (Orc:2)
  6 water nymphs
  6 guardian serpents
  7 merfolk sirens
  5 molten gargoyles (Volcano)
  9 cane toads
  4 gargoyles
  An ice statue (IceCv)
  2 unseen horrors
  A torpor snail (Lair:1)
  4 rime drakes
  2 freezing wraiths (IceCv)
  Maggie (D:10)
  An efreet (D:14)
  A yaktaur (D:15)
  2 anaconda simulacra (IceCv)
  4 kobold demonologists (D:9)
  9 komodo dragons
  12 ice devils (IceCv)
  A queen bee (shapeshifter) (D:15)
  33 merfolk
  A polar bear (shapeshifter) (Elf:2)
  6 trolls
  5 polar bears
  A troll (shapeshifter) (D:14)
  10 wind drakes
  6 hornets
  5 snapping turtles
  20 blink frogs
  7 dream sheep
  A spriggan zombie (D:15)
  2 centaur simulacra
  19 slime creatures
  15 spriggans (Lair:5)
  3 air elementals
  2 shadows
  10 water elementals
  5 wyverns
  A vampire (D:11)
  4 dire elephant simulacra (IceCv)
  36 yaks
  A wraith (D:12)
  5 fire elementals
  An unseen horror simulacrum (D:9)
  8 basilisks
  2 steam dragons (D:7)
  3 hogs (D:12)
  8 wargs
  A vampire mosquito (D:14)
  31 nagas
  6 death yak simulacra (IceCv)
  3 acid dragons
  15 water moccasins
  4 hell hounds (D:15)
  A hydra simulacrum (IceCv)
  A sky beast (D:8)
  4 black bears
  3 ice beasts (D:9)
  4 laughing skulls
  34 orc warriors
  3 boggarts (Lair:5)
  8 ogres
  23 wolves
  13 centaurs
  3 lemures
  3 kobold brigands (D:9)
  6 bullfrogs
  A gnoll sergeant (D:12)
  3 scorpions
  3 earth elementals
  A cane toad simulacrum (IceCv)
  2 two-headed ogre simulacra (D:11)
  6 killer bees (D:9)
  8 elephant simulacra (IceCv)
  4 bombardier beetles
  9 howler monkeys
  8 electric eels
  3 lava snakes (Lair:2)
  4 hounds
  5 jellies
  22 orc priests
  Crazy Yiuf (D:3)
  A gnoll bouda (D:7)
  A sleepcap (D:6)
  3 iguanas
  24 orc wizards
  A polar bear simulacrum (IceCv)
  2 troll simulacra
  4 wolf simulacra (IceCv)
  2 spriggan simulacra
  A killer bee simulacrum (D:9)
  9 gnolls
  7 adders
  2 naga simulacra
  A shadow imp (D:7)
  4 white imps
  8 ufetubi
  2 ribbon worms (D:3)
  5 dart slugs
  82 orcs
  2 ball pythons
  4 bats
  9 endoplasms
  2 giant cockroaches (D:3)
  10 goblins
  6 hobgoblins
  5 quokkas
  4 frilled lizards
  11 kobolds
  7 rats
  5 tentacles (Shoals:4)
1165 creatures vanquished.

Vanquished Creatures (others)
  A deep elf zephyrmancer (Elf:2)
  An orc wizard (D:8)
  A tentacle (Shoals:4)
3 creatures vanquished.

Grand Total: 1168 creatures vanquished

Notes
Turn   | Place    | Note
-------+----------+-------------------------------------------
     0 | D:1      | Berder the Octopode Alchemist began the quest for the Orb.
     0 | D:1      | Reached XP level 1. HP: 11/11 MP: 3/3
   233 | D:1      | Found a faded altar of an unknown god.
   348 | D:1      | Reached XP level 2. HP: 10/17 MP: 1/5
   879 | D:1      | Reached XP level 3. HP: 21/21 MP: 3/6
  1712 | D:2      | Learned a level 3 spell: Mephitic Cloud
  2216 | D:3      | Reached skill level 1 in Air Magic
  2535 | D:3      | Reached XP level 4. HP: 27/27 MP: 1/7
  2626 | D:3      | Found a runed translucent door.
  2627 | D:3      | Noticed Crazy Yiuf
  2716 | D:3      | Reached skill level 2 in Air Magic
  3420 | D:3      | Killed Crazy Yiuf
  3564 | D:4      | Reached skill level 3 in Air Magic
  3571 | D:4      | Reached XP level 5. HP: 30/31 MP: 1/8
  3857 | D:4      | Reached XP level 6. HP: 3/36 MP: 3/9
  4028 | D:4      | Learned a level 5 spell: Freezing Cloud
  4547 | D:4      | Reached skill level 1 in Ice Magic
  4918 | D:4      | Noticed Pikel
  5053 | D:4      | Reached XP level 7. HP: 36/41 MP: 2/10
  5244 | D:5      | Entered Level 5 of the Dungeon
  5648 | D:4      | Found a staircase to the Ecumenical Temple.
  6394 | D:5      | Reached skill level 5 in Alchemy
  6584 | D:5      | Reached skill level 4 in Air Magic
  6676 | Temple   | Entered the Ecumenical Temple
  7008 | D:6      | Reached XP level 8. HP: 46/46 MP: 6/12
  7279 | D:6      | Found Umuorph's General Store.
  7291 | D:6      | Bought a scroll of teleportation for 39 gold pieces
  7762 | D:6      | Reached skill level 5 in Conjurations
  7917 | D:6      | Found Puriheoz's Armour Shoppe.
  8028 | D:5      | Reached skill level 5 in Air Magic
  8193 | D:5      | Learned a level 4 spell: Iskenderun's Mystic Blast
  8523 | D:7      | Reached skill level 1 in Translocations
  8639 | D:7      | Found a radiant altar of Vehumet.
  8672 | D:7      | Reached XP level 9. HP: 51/51 MP: 12/15
  8679 | D:7      | Became a worshipper of Vehumet
  9094 | D:7      | Reached skill level 5 in Ice Magic
  9864 | D:8      | Reached skill level 6 in Air Magic
 10050 | D:8      | Reached skill level 5 in Spellcasting
 10497 | D:8      | Noticed an efreet
 10497 | D:8      | Noticed a purple ugly thing
 10497 | D:8      | Noticed a green ugly thing
 10514 | D:8      | Gained mutation: You occasionally lose the ability to read
                  | scrolls when taking damage. [potion of mutation]
 10514 | D:8      | Gained mutation: One of your tentacles bears a spike.
                  | [potion of mutation]
 10516 | D:8      | Lost mutation: You occasionally lose the ability to read
                  | scrolls when taking damage. [potion of mutation]
 10516 | D:8      | Lost mutation: One of your tentacles bears a spike. [potion
                  | of mutation]
 10516 | D:8      | Gained mutation: One of your tentacles bears a spike.
                  | [potion of mutation]
 10516 | D:8      | Gained mutation: You are partially covered in iridescent
                  | scales. (AC +2) [potion of mutation]
 10564 | D:8      | Noticed an unseen horror
 10564 | D:8      | Noticed a centaur warrior
 11125 | D:9      | Reached * piety under Vehumet
 11125 | D:9      | Offered knowledge of Shock by Vehumet.
 11133 | D:9      | Learned a level 1 spell: Shock
 11267 | D:9      | Reached XP level 10. HP: 52/56 MP: 5/18
 11987 | D:9      | Noticed a kobold demonologist
 12008 | D:9      | Noticed an orange demon
 12032 | D:9      | Noticed a kobold demonologist
 12245 | D:9      | Noticed a kobold demonologist
 12248 | D:9      | Noticed a kobold demonologist
 12555 | D:9      | Killed a kobold demonologist
 12556 | D:9      | Reached skill level 7 in Air Magic
 12742 | D:9      | Killed a kobold demonologist
 12746 | D:9      | Killed a kobold demonologist
 12747 | D:9      | Reached skill level 5 in Translocations
 12938 | D:9      | Killed a kobold demonologist
 13095 | D:10     | Entered Level 10 of the Dungeon
 13108 | D:10     | Learned a level 5 spell: Arcjolt
 13301 | D:10     | Found a staircase to the Lair.
 13347 | D:10     | Noticed Maggie
 13711 | D:10     | Killed Maggie
 13772 | D:10     | Noticed Josephine
 13863 | D:10     | Learned a level 2 spell: Blink
 13905 | D:10     | Offered knowledge of Freeze by Vehumet.
 13906 | D:10     | Reached skill level 8 in Air Magic
 13906 | D:10     | Reached XP level 11. HP: 61/61 MP: 15/21
 14151 | Lair:1   | Entered Level 1 of the Lair of Beasts
 14158 | Lair:1   | Reached ** piety under Vehumet
 14328 | Lair:1   | Reached skill level 1 in Fighting
 14418 | Lair:1   | You fall into a shaft and drop 1 floor!
 14711 | Lair:1   | Noticed Fannar
 15435 | Lair:1   | Killed Fannar
 16263 | Lair:1   | Learned a level 5 spell: Iskenderun's Battlesphere
 16880 | Lair:2   | Offered knowledge of Dazzling Flash by Vehumet.
 16886 | Lair:2   | Reached skill level 10 in Conjurations
 17000 | Lair:2   | Reached XP level 12. HP: 72/72 MP: 18/24
 17660 | Lair:2   | Found a staircase to the Snake Pit.
 18043 | Lair:2   | Reached *** piety under Vehumet
 18673 | Lair:3   | Found a dark tunnel.
 18746 | Volcano  | Entered a volcano
 19335 | Volcano  | Noticed an orb of fire
 19430 | Volcano  | Noticed an orb of fire
 19443 | Volcano  | Reached XP level 13. HP: 45/76 MP: 20/25
 19722 | Lair:3   | Offered knowledge of Airstrike by Vehumet.
 19749 | Lair:3   | Reached skill level 5 in Dodging
 20632 | Lair:3   | Found a staircase to the Shoals.
 21691 | Lair:4   | Found a staircase to the Slime Pits.
 22235 | Lair:4   | Reached skill level 10 in Spellcasting
 22484 | Lair:4   | Learned a level 4 spell: Airstrike
 22610 | Lair:5   | Entered Level 5 of the Lair of Beasts
 22762 | Lair:5   | Reached **** piety under Vehumet
 22814 | Lair:5   | Offered knowledge of Fireball by Vehumet.
 22815 | Lair:5   | Reached skill level 9 in Air Magic
 23454 | Lair:5   | Reached skill level 10 in Air Magic
 23454 | Lair:5   | Reached XP level 14. HP: 48/83 MP: 1/29
 23705 | Lair:5   | Found a runed translucent gate.
 23724 | Lair:5   | Found a runed translucent gate.
 23724 | Lair:5   | Found a runed translucent gate.
 24050 | Lair:5   | Noticed Hanaexe's ghost (journeyman DgDe)
 24533 | Lair:5   | Reached skill level 11 in Air Magic
 24820 | Lair:5   | Reached ***** piety under Vehumet
 24926 | Lair:5   | Offered knowledge of Yara's Violent Unravelling by Vehumet.
 25283 | Lair:5   | Noticed an azure jelly
 25288 | Lair:5   | Killed an azure jelly
 25626 | Lair:5   | Upgraded the game from 0.32-a0-818-gb728d0252e to
                  | 0.32-a0-834-geaf45d8e21
 26422 | D:11     | Found a frozen archway.
 26545 | IceCv    | Entered an ice cave
 26975 | IceCv    | Found an ancient bone altar of Kikubaaqudgha.
 26983 | IceCv    | Reached skill level 12 in Air Magic
 28088 | IceCv    | Offered knowledge of Permafrost Eruption by Vehumet.
 28233 | IceCv    | Identified the ring "Naur Ser" {+Blink rN+ Dex-3 Slay+3}
 28655 | D:11     | Identified the +6 leather armour "Epryzoedgh" {Rampage
                  | rElec Stlth+}
 28710 | D:11     | Found a stormy altar of Qazlal.
 28849 | D:11     | Reached XP level 15. HP: 76/88 MP: 32/32
 29375 | D:12     | Noticed Kirke
 29383 | D:12     | Noticed a sphinx
 29385 | D:12     | Killed Kirke
 29473 | D:12     | Found a sacrificial altar of Ru.
 29562 | D:12     | Reached skill level 13 in Air Magic
 29981 | D:12     | Found a staircase to the Orcish Mines.
 30016 | D:12     | Found Keapnucw's Magic Scroll Shoppe.
 30016 | D:12     | Found Sesi's Distillery.
 30018 | D:12     | Found Icsikhug's Book Shoppe.
 30235 | D:12     | Upgraded the game from 0.32-a0-834-geaf45d8e21 to
                  | 0.32-a0-871-ge202e49faa
 30601 | D:13     | Offered knowledge of Ozocubu's Refrigeration by Vehumet.
 30758 | Orc:1    | Entered Level 1 of the Orcish Mines
 31056 | Orc:2    | Entered Level 2 of the Orcish Mines
 31298 | Orc:1    | Upgraded the game from 0.32-a0-871-ge202e49faa to
                  | 0.32-a0-876-gcfddb08e57
 31395 | Orc:1    | Found a roughly hewn altar of Beogh.
 31672 | Orc:2    | Noticed an orc warlord
 31682 | Orc:2    | Killed an orc warlord
 31914 | Orc:2    | Noticed an orc warlord
 32237 | Orc:2    | Found a staircase to the Elven Halls.
 32276 | Orc:2    | Paralysed by an orc sorcerer for 2 turns
 32696 | Orc:2    | Found Cerafack's Jewellery Boutique.
 32767 | Orc:2    | Killed an orc warlord
 32768 | Orc:2    | Reached skill level 14 in Air Magic
 32947 | Orc:2    | Found Fajianaa's General Store.
 33094 | Orc:2    | Found Fiackex's Antique Armour Shoppe.
 33122 | Orc:2    | Offered knowledge of Eringya's Noxious Bog by Vehumet.
 33163 | Orc:2    | Found Xepasur's Antique Weapon Emporium.
 33455 | Orc:2    | Bought 3 potions of heal wounds for 240 gold pieces
 33484 | Orc:2    | Bought the ring of Yduugi {Str+4 Int+2 SInv} for 380 gold
                  | pieces
 33489 | Orc:2    | Bought a ring of poison resistance for 220 gold pieces
 33676 | D:6      | Bought the +2 hood of the Assassin {Detect Stab+ Stlth++}
                  | for 720 gold pieces
 33676 | D:6      | Found the +2 hood of the Assassin {Detect Stab+ Stlth++}
 34148 | D:13     | Found Ilec's Assorted Antiques.
 34152 | D:13     | Bought a lumpy steel amulet for 165 gold pieces
 34171 | D:13     | Found Wihuolam's Weapon Shoppe.
 34240 | D:13     | Noticed Rupert
 34630 | D:13     | Found Duuvul's Armour Shoppe.
 34751 | D:13     | Paralysed by Rupert for 4 turns
 34756 | D:13     | Killed Rupert
 35464 | D:14     | Found a gate to the Vaults.
 35471 | D:14     | Reached XP level 16. HP: 63/93 MP: 32/34
 35472 | D:14     | Reached skill level 15 in Spellcasting
 35586 | D:14     | You are sucked into a shaft and drop 1 floor!
 35586 | D:15     | Entered Level 15 of the Dungeon
 35797 | D:14     | Reached skill level 15 in Air Magic
 36528 | D:14     | Upgraded the game from 0.32-a0-876-gcfddb08e57 to
                  | 0.32-a0-886-g41c5271027
 36784 | D:15     | Found a staircase to the Depths.
 37712 | D:15     | Noticed Azrael
 37714 | D:15     | Offered knowledge of Conjure Ball Lightning by Vehumet.
 37716 | D:15     | Killed Azrael
 38435 | D:13     | Bought a +2 buckler for 231 gold pieces
 38683 | Snake:1  | Entered Level 1 of the Snake Pit
 38686 | Snake:1  | Reached skill level 1 in Shields
 39201 | Snake:1  | Found Gecwoczer's Assorted Antiques.
 39206 | Snake:1  | Found Dyck's Assorted Antiques.
 40522 | Snake:1  | Identified the serpent talisman of Punn {rC++ Will+ rCorr
                  | Dex+2}
 40522 | Snake:1  | Noticed Aizul
 40947 | Snake:2  | Reached skill level 5 in Shields
 41316 | Snake:1  | Reached skill level 5 in Fighting
 41351 | Snake:2  | Noticed a nagaraja
 41356 | Snake:2  | Killed a nagaraja
 41512 | Snake:2  | Reached XP level 17. HP: 81/103 MP: 16/36
 41699 | Snake:2  | Noticed Asterion
 41707 | Snake:2  | Killed Asterion
 41816 | Snake:2  | Noticed Vashnia
 42659 | Snake:3  | Found the +0 mask of the Dragon {Will+ Slay+3 SInv}
 43564 | Snake:3  | Offered knowledge of Lee's Rapid Deconstruction by Vehumet.
 43913 | Snake:4  | Entered Level 4 of the Snake Pit
 44118 | Snake:4  | Noticed Agnes
 44126 | Snake:4  | Killed Agnes
 45278 | Snake:4  | Reached skill level 10 in Dodging
 45889 | Snake:4  | Got a serpentine rune of Zot
 46041 | Snake:4  | Reached skill level 10 in Fighting
 46127 | Snake:4  | Reached XP level 18. HP: 120/120 MP: 23/37
 47025 | Snake:4  | Upgraded the game from 0.32-a0-886-g41c5271027 to
                  | 0.32-a0-893-gf85d74f360
 47190 | Snake:1  | Killed Aizul
 47475 | Lair:2   | Learned a level 8 spell: Maxwell's Capacitive Coupling
 47512 | Shoals:1 | Entered Level 1 of the Shoals
 48839 | Shoals:1 | Found Vivvew's Jewellery Shop.
 48847 | Shoals:1 | Bought an amulet of magic regeneration for 330 gold pieces
 48857 | Shoals:1 | Bought the ring "Sifran" {Ice rElec Will+ Stlth+} for 521
                  | gold pieces
 49571 | Shoals:2 | Found the +15 Maxwell's patent armour {-Cast -Tele rElec
                  | Will+ rCorr}
 50558 | Shoals:3 | Noticed Jorgrun
 50562 | Shoals:3 | Killed Jorgrun
 51021 | Shoals:3 | Offered knowledge of Plasma Beam by Vehumet.
 51363 | Shoals:3 | Found Cibesud's Assorted Antiques.
 51372 | Shoals:3 | Bought a scroll labelled OPTOUL RAODIU for 32 gold pieces
 51479 | Shoals:4 | Entered Level 4 of the Shoals
 51520 | Shoals:4 | Reached skill level 10 in Shields
 52037 | Shoals:4 | Reached XP level 19. HP: 105/128 MP: 24/38
 52085 | Shoals:4 | Got a barnacled rune of Zot
 52115 | Shoals:4 | Noticed Polyphemus
 52124 | Shoals:4 | Killed Polyphemus
 53233 | Shoals:4 | Upgraded the game from 0.32-a0-893-gf85d74f360 to
                  | 0.32-a0-909-gc671339a80
 53476 | Elf:1    | Entered Level 1 of the Elven Halls
 53535 | Elf:1    | Reached skill level 16 in Air Magic
 53773 | Elf:1    | Reached skill level 15 in Conjurations
 54503 | Elf:1    | Found a roughly hewn altar of Beogh.
 54524 | Elf:1    | Found a shimmering blue altar of Sif Muna.
 55002 | Elf:1    | Noticed Donald
 55004 | Elf:1    | Paralysed by an air elemental for 1 turns
 55010 | Elf:1    | Reached ****** piety under Vehumet
 55011 | Elf:1    | Offered knowledge of Lehudib's Crystal Spear by Vehumet.
 55011 | Elf:1    | Offered knowledge of Chain Lightning by Vehumet.
 55011 | Elf:1    | Offered knowledge of Ignition by Vehumet.
 55014 | Elf:1    | Killed Donald
 55060 | Elf:1    | Learned a level 9 spell: Chain Lightning
 55885 | Elf:2    | Paralysed by an air elemental for 1 turns
 55953 | Elf:2    | Reached skill level 17 in Air Magic
 56030 | Elf:2    | Found a runed translucent gate.
 56031 | Elf:2    | Found a runed translucent gate.
 56032 | Elf:2    | Found a runed translucent gate.
 56088 | Elf:2    | Found a flickering gateway to a bazaar.
 56136 | Bazaar   | Entered a bazaar
 56234 | Bazaar   | Found Mir Ych's Jewellery Boutique.
 56252 | Bazaar   | Found Touhopt's Antique Weapon Emporium.
 56276 | Bazaar   | Found Lechommo's Book Boutique.
 56292 | Bazaar   | Found Coumm's Antique Weapon Shoppe.
 56932 | Elf:2    | Slain by a +4 glaive of flaming

Illustrated notes

Levels and vault maps discovered:
D:1:      nzn_arrival_depleted_hourglass, layout_basic,
          ebering_ecumenical_altar_petrified, nicolae_twisty_statue_hallways
D:2:      layout_loops_ring
D:3:      layout_loops_ring, hangedman_decor_clover_reticule,
          chequers_decorated_corner, uniq_crazy_yiuf_cottage
D:4:      minmay_chambers_of_twos, layout_cave_pools,
          minmay_temple_entry_from_below_a, minmay_misc_feat_nine_boxes,
          uniq_pikel
D:5:      layout_basic
D:6:      layout_cave_pools, serial_shops, shop, nicolae_stop_n_shop_1
D:7:      layout_rooms, vehumet_altar_wand_db
D:8:      layout_basic, minivault_12
D:9:      layout_basic, serial_ice, serial_ice_h, serial_ice_n, serial_ice_m,
          serial_ice_i, minmay_misc_feat_rugged
D:10:     layout_gridville, lair_entry_dummy, uniq_josephine, uniq_maggie
D:11:     minmay_separated_statues, layout_basic,
          portal_ice_cave_entry_ice_simulacra, nicolae_qazlal_eye_of_the_storm
D:12:     cheibrodos_elevator_heist, layout_irregular_city, hiddenorc1_lemuel,
          serial_park_tiny_2, nicolae_shop_distant_corner_stores,
          nicolae_ru_path_of_blood, uniq_kirke
D:13:     layout_basic, serial_shops, kennysheep_little_box, shop, shop,
          uniq_rupert
D:14:     layout_irregular_city, lightli_vaults_fourway_checkpoint,
          dreamdust_princess_bridge, serial_bayou, serial_bayou_shore_a,
          serial_bayou_lake_a, serial_bayou_crossing, serial_bayou_pond_a,
          serial_bayou_ford_a, serial_bayou_lagoon_a, roderic_three_in_a_row
D:15:     gammafunk_depths_entry_grave, layout_basic, nicolae_zig_zag_zippers,
          uniq_azrael
Temple:   mainiacjoe_temple_circle_huts
Lair:1:   layout_chaotic_city, uniq_fannar
Lair:2:   layout_gridlike, nicolae_snake_entry_warm_welcome
Lair:3:   layout_long_grid, mainiacjoe_shoals_entry_four_pools, enter_volcano_2
Lair:4:   layout_cave_pods, dpeg_slime_entry_enclosed, grunt_megastairs_4,
          lemuel_fruit_fields, serial_bayou_shore_b
Lair:5:   minmay_lair_end_enchanted_forest, layout_gridlike,
          gammafunk_ghost_hydra_chop, st_stairs_4, nicolae_lair_time_for_slime
Shoals:1: layout_shoals, serial_shops, shop
Shoals:2: layout_shoals
Shoals:3: layout_shoals, serial_shops, nicolae_shop_just_a_little_nook,
          uniq_jorgrun
Shoals:4: shoals_end_hangedman, layout_shoals, uniq_polyphemus
Snake:1:  layout_onion, nicolae_snake_gridmaze_zigzag, grunt_megastairs_1,
          minmay_shop_star, lemuel_fruit_tree, uniq_aizul
Snake:2:  layout_layer_cave, gammafunk_ghost_wrathful_warriors, uniq_asterion,
          uniq_nikola, uniq_vashnia, uniq_louise
Snake:3:  layout_honeycomb
Snake:4:  grunt_snake_rune_spirals, layout_onion, uniq_agnes
Orc:1:    layout_caves, basic_altar
Orc:2:    grunt_orc_gardens, layout_caves, grunt_orc_garden, grunt_orc_garden,
          grunt_orc_garden, grunt_orc_garden
Elf:1:    kennysheep_ambush_hall, layout_onion_city,
          nicolae_elf_theology_debate, corexii_leaking_fountain, uniq_donald
Elf:2:    nicolae_elf_blades_splatter_lattice [mumra_blade_entry_bloodbath],
          layout_loops_cross, serial_shops, bzr_entry_safe, lemuel_flame_loot_1

Skill      XL: |  1  2  3  4  5  6  7  8  9 10 11 12 13 14 15 16 17 18 19 |
---------------+----------------------------------------------------------+-----
Conjurations   | 2 3 4 5 6 8 10 14 16 | 16.3
Air Magic      | 1 3 4 5 6 8 10 12 14 15 17 | 17.2
Alchemy        | 4 5 |  5.3
Ice Magic      | 3 4 5 6 |  6.2
Spellcasting   | 3 4 5 6 8 11 13 14 15 | 15.7
Translocations | 1 3 5 |  5.2
Fighting       | 2 3 5 10 11 | 11.1
Dodging        | 4 5 6 10 11 | 11.8
Shields        | 5 11 12 | 12.0
Stealth        | |  2.6

Action                     |  1- 3 |  4- 6 |  7- 9 | 10-12 | 13-15 | 16-18 | 19-21 || total
---------------------------+-------+-------+-------+-------+-------+-------+-------++-------
  Melee: Unarmed           |     4 |       |       |       |       |       |       ||     4
         Constrict         |     2 |     1 |     1 |     5 |    12 |     1 |       ||    22
         Tentacles         |     1 |       |     1 |     1 |     7 |     2 |       ||    12
         Flail             |       |     4 |    13 |       |       |       |       ||    17
         Staff             |       |       |       |    13 |    32 |     2 |       ||    47
         Kick              |       |       |       |     9 |    17 |     1 |       ||    27
   Fire: Sling             |       |    21 |    65 |       |       |       |       ||    86
  Throw: Dart              |       |       |       |       |     2 |       |       ||     2
   Cast: Sting             |    77 |   107 |   289 |   128 |   104 |     9 |       ||   714
         Mephitic Cloud    |       |     3 |    12 |    28 |    11 |     6 |       ||    60
         Shock             |       |       |     5 |   234 |   335 |   393 |     3 ||   970
         Iskenderun's Myst |       |       |       |    37 |    52 |    25 |    45 ||   159
         Arcjolt           |       |       |       |    17 |    32 |    68 |    10 ||   127
         Freezing Cloud    |       |       |       |    21 |   112 |   168 |    37 ||   338
         Iskenderun's Batt |       |       |       |    18 |    71 |    71 |       ||   160
         Blink             |       |       |       |     1 |     3 |     2 |       ||     6
         Airstrike         |       |       |       |       |   190 |   251 |   172 ||   613
         Maxwell's Capacit |       |       |       |       |       |     5 |    12 ||    17
  Evoke: Wand              |       |       |     5 |    10 |     4 |    16 |     1 ||    36
         Lightning rod     |       |       |       |       |     5 |     3 |     1 ||     9
         Condenser vane    |       |       |       |       |       |     2 |       ||     2
         Box of beasts     |       |       |       |       |       |     1 |       ||     1
         Phial of floods   |       |       |       |       |       |     1 |       ||     1
    Use: Potion            |       |     1 |     9 |     2 |     1 |     5 |     1 ||    19
         Scroll            |       |     3 |     6 |     8 |    15 |     5 |     1 ||    38
 Armour: Skin              |    14 |    40 |   150 |   124 |   163 |   177 |    70 ||   738
  Dodge: Dodged            |    15 |    31 |   102 |   107 |   130 |   135 |    28 ||   548
  Block: Other             |       |       |       |    31 |    42 |    22 |       ||    95
         Reflection        |       |       |       |     2 |     8 |    20 |       ||    30
         Buckler           |       |       |       |       |       |    39 |       ||    39
         Kite shield       |       |       |       |       |       |     3 |    25 ||    28

Table legend: (Time is in decaauts)
 A = Elapsed time spent in this place.
 B = Non-inter-level travel time spent in this place.
 C = Inter-level travel time spent in this place.
 D = Time resting spent in this place.
 E = Time spent auto-exploring this place.
 F = Levels seen in this place.
 G = Mean time per level.
                   A        B        C        D        E       F      G
               +--------+--------+--------+--------+--------+-----+--------+
         Total |  57020 |  53911 |   3109 |  19388 |  19953 |  36 | 1583.9 |
       Dungeon |  22450 |  20751 |   1699 |   6919 |   7913 |  15 | 1496.7 |
        Temple |      1 |      1 |      0 |      0 |      0 |   1 |    1.0 |
          Lair |  11510 |  10790 |    720 |   4152 |   3946 |   5 | 2302.0 |
        Shoals |   5646 |   5538 |    108 |   1852 |   2149 |   4 | 1411.5 |
     Snake Pit |   8575 |   8345 |    230 |   3258 |   2975 |   4 | 2143.8 |
  Orcish Mines |   2699 |   2504 |    195 |   1038 |    990 |   2 | 1349.5 |
   Elven Halls |   3257 |   3102 |    155 |    685 |   1579 |   2 | 1628.5 |
        Bazaar |    195 |    195 |      0 |      0 |    167 |   1 |  195.0 |
      Ice Cave |   1815 |   1815 |      0 |   1108 |    167 |   1 | 1815.0 |
       Volcano |    867 |    867 |      0 |    375 |     67 |   1 |  867.0 |
               +--------+--------+--------+--------+--------+-----+--------+

Top non-repeatable levels by time:
 Snake:4: 2996 daAuts
 Snake:1: 2782 daAuts
  Lair:5: 2652 daAuts
  Lair:1: 2463 daAuts
   Elf:1: 2333 daAuts
  Lair:2: 2307 daAuts
  Lair:4: 2149 daAuts
 Snake:3: 2090 daAuts
     D:3: 1986 daAuts
  Lair:3: 1938 daAuts
     D:9: 1859 daAuts
   IceCv: 1815 daAuts
Shoals:4: 1770 daAuts
    D:15: 1765 daAuts
    D:12: 1764 daAuts
